 Dungeon Crawl Stone Soup version 0.20.0-15-g7f486f2 (webtiles) character file.

79 Monsterracer the Ruffian (level 4, -8/35 HPs)
             Began as a Draconian Transmuter on June 18, 2017.
             Killed from afar by an orc wizard (9 damage)
             ... with a magic dart
             ... on level 4 of the Dungeon.
             The game lasted 00:04:00 (1996 turns).

Monsterracer the Ruffian (Draconian Transmuter)     Turns: 1996, Time: 00:04:01

Health: -8/35      AC:  5    Str: 13    XL:     4   Next: 17%
Magic:  3/6        EV: 12    Int: 14    God:
Gold:   146        SH:  0    Dex:  9    Spells: 1/7 levels left

rFire    . . .     SeeInvis .     - Unarmed
rCold    . . .     Gourm    .   (no shield)
rNeg     . . .     Faith    .   (armour unavailable)
rPois    .         Spirit   .   (helmet restricted)
rElec    .         Reflect  .   (no cloak)
rCorr    .         Harm     .   (no gloves)
MR       +....                  (no boots)
Stlth    +.........             (no amulet)
Regen    0.2/turn               i - ring of flight
MPRegen  0.1/turn               (no ring)

@: very slightly contaminated
A: unfitting armour, clumsy 1, low mp 1, magic resistance 1, cold-blooded, AC +5
a: Evoke Flight


You were on level 4 of the Dungeon.
You were not hungry.

You visited 1 branch of the dungeon, and saw 4 of its levels.

You collected 146 gold pieces.

Inventory:

Missiles
 a - 92 arrows
Jewellery
 i - a ring of flight (left hand)
Wands
 o - a wand of disintegration (11/24)
Scrolls
 e - 3 scrolls of fear {unknown}
 f - 2 scrolls of recharging {unknown}
 g - a scroll of fog {unknown}
 h - 3 scrolls of teleportation {unknown}
 j - 3 scrolls of enchant armour {unknown}
 k - a scroll of blinking {unknown}
 l - 2 scrolls of identify {unknown}
 m - 3 scrolls of amnesia {unknown}
 n - a scroll of remove curse {unknown}
Potions
 p - a potion of lignification
Books
 b - a book of Changes

   Spells                             Type                      Level
   a - Beastly Appendage              Transmutation                1
   b - Sticks to Snakes               Transmutation                2
   c - Spider Form                    Transmutation/Poison         3
   d - Ice Form                       Ice/Transmutation            4
   e - Blade Hands                    Transmutation                5
Comestibles
 c - 4 bread rations
 d - 2 fruits
 q - a chunk of flesh


   Skills:
 - Level 1.1 Fighting
 - Level 1.7 Dodging
 * Level 4.5 Unarmed Combat
 - Level 2.0 Spellcasting
 + Level 2.8 Transmutations


You had one spell level left.
You knew the following spells:

 Your Spells              Type           Power        Failure   Level  Hunger
a - Beastly Appendage     Tmut           #.....       8%          1    ##.....
b - Sticks to Snakes      Tmut           #.......     11%         2    ###....
c - Spider Form           Tmut/Pois      #.........   36%         3    ####...


Dungeon Overview and Level Annotations

Branches:
Dungeon (4/15)
 Temple: D:4-7

Altars:
The Shining One


Innate Abilities, Weirdness & Mutations

Your plain brown scales are hard. (AC +5)
You cannot fit into any form of body armour.
You are cold-blooded and may be slowed by cold attacks.
You are clumsy. (Dex -2)
Your magical capacity is low. (-10% MP)
You are resistant to hostile enchantments. (MR+)


Message History

The magic dart hits you!
* * * LOW HITPOINT WARNING * * *
The orc wizard hits you but does no damage.
The orc wizard hits you with a dagger.
* * * LOW HITPOINT WARNING * * *
You see here a dagger.
The orc wizard hits you but does no damage.
Found 13 gold pieces.
The orc wizard hits you but does no damage.
The orc priest looks satisfied for a moment.
The orc wizard closely misses you.
There is an escape hatch in the floor here.
The orc wizard barely misses you. The orc wizard hits you with a dagger.
* * * LOW HITPOINT WARNING * * *
There is a stone staircase leading up, spattered with blood here.
Okay, then.
The orc wizard points at you and mumbles some strange words.
The magic dart hits you!
You die...

#.# ..#.# #.# #.#$#
..#.# #o# #.#.# .....
#.# #.#.# #.#.# #.#
#.#.# #.#.# #o# #.#.#
#.#.# #.# #.#.# #.#.#
#.#####.#.# #...##.#
#....)....####+#@.....#
#######..o..>o.o....###
#.............+
#.#...........#
#.#...........#
#.#...........#
#.#...........#
#.#...........#
#.#...........#


You could see an orc priest, an orc wizard and an orc.

Vanquished Creatures
  An orc priest (D:4)
  An adder (D:3)
  A leopard gecko (D:3)
  2 orcs
  3 bats
  3 giant cockroaches
  4 goblins
  5 hobgoblins
  3 frilled lizards
  5 kobolds
  4 rats
32 creatures vanquished.

Vanquished Creatures (collateral kills)
  An adder (D:2)
1 creature vanquished.

Grand Total: 33 creatures vanquished

Notes
Turn   | Place    | Note
-------+----------+-------------------------------------------
     0 | D:1      | Monsterracer the Draconian Transmuter began the quest for the Orb.
     0 | D:1      | Reached XP level 1. HP: 16/16 MP: 3/3
   187 | D:1      | Reached XP level 2. HP: 13/23 MP: 1/5
   194 | D:1      | Learned a level 2 spell: Sticks to Snakes
   773 | D:2      | Gained mutation: Your magical capacity is low. (-10% MP) [potion of mutation]
   773 | D:2      | Gained mutation: You are clumsy. (Dex -2) [potion of mutation]
   773 | D:2      | Gained mutation: You are resistant to hostile enchantments. (MR+) [potion of mutation]
   916 | D:2      | Found a glowing golden altar of the Shining One.
  1102 | D:3      | Reached XP level 3. HP: 26/28 MP: 3/5
  1113 | D:3      | Learned a level 3 spell: Spider Form
  1269 | D:3      | Reached skill level 4 in Unarmed Combat
  1967 | D:4      | Reached XP level 4. HP: 27/35 MP: 3/6
  1995 | D:4      | HP: 1/35 [orc wizard/dagger (6)]
  1996 | D:4      | Killed from afar by an orc wizard

Skill      XL: |  1  2  3 |
---------------+----------+-----
Unarmed Combat | 4 |  4.5
Fighting       | |  1.1
Dodging        | |  1.7
Spellcasting   | |  2.0
Transmutations | |  2.8

Action                   |  1- 3 |  4- 6 || total
-------------------------+-------+-------++-------
Melee: Unarmed           |    99 |     2 ||   101
       Tailslap          |    10 |       ||    10
       Headbutt          |     3 |       ||     3
       Kick              |     5 |       ||     5
       Punch             |     1 |       ||     1
 Cast: Beastly Appendage |    11 |       ||    11
       Sticks to Snakes  |     2 |       ||     2
       Spider Form       |     1 |       ||     1
  Use: Potion            |     7 |       ||     7
 Stab: Distracted        |     1 |       ||     1
  Eat: Chunk             |     4 |       ||     4
Armor: Skin              |    23 |     4 ||    27
Dodge: Dodged            |    60 |     6 ||    66
